A - U25
KANNAPOLIS INTIMIDATORS @ JONESBORO GROWLERS
09/02/2051
 
TOP OF THE 1ST
Memphis Blues batting - Pitching for Atlanta Braves : RHP Miguel Arranaga
Pitching: RHP Miguel Arranaga
Batting: LHB R.J. Brown 0-0: Ball
1-0: Called Strike
1-1: Foul Ball, location: 5F
1-2: Strikes out swinging
Batting: LHB Morgan Peirce 0-0: Ball
1-0: Ball
2-0: Foul Ball, location: 3FF
2-1: Foul Ball, location: 2F
2-2: Strikes out looking
Batting: LHB Alex Nicholson 0-0: Called Strike
0-1: Called Strike
0-2: Ball
1-2: Strikes out looking
Top of the 1st over - 0 runs, 0 hits, 0 errors, 0 left on base; Memphis 0 - Atlanta 0
BOTTOM OF THE 1ST
Atlanta Braves batting - Pitching for Memphis Blues : RHP Clark Bryant
Pitching: RHP Clark Bryant
Batting: LHB Luca Flores 0-0: Foul Ball, location: 2F
0-1: Swinging Strike
0-2: Strikes out swinging
Batting: RHB Ryan Felker 0-0: Called Strike
0-1: Ball
1-1: Foul Ball, location: 25F
1-2: Strikes out looking
Batting: LHB Lawrence Carla 0-0: Swinging Strike
0-1: Foul Ball, location: 2F
0-2: Ball
1-2: Hit by Pitch
Pinch Runner at 1st Benjamin Medrano:
Batting: RHB Yovi Pizana 0-0: Called Strike
0-1: Ball
1-1: Called Strike
1-2: Foul Ball, location: 2F
1-2: Foul Ball, location: 2F
1-2: Foul Ball, location: 9LDF
1-2: Strikes out swinging
Bottom of the 1st over - 0 runs, 0 hits, 0 errors, 1 left on base; Memphis 0 - Atlanta 0
TOP OF THE 2ND
Memphis Blues batting - Pitching for Atlanta Braves : RHP Miguel Arranaga
Now in LF: Benjamin Medrano
Batting: RHB José Carbajal 0-0: Foul Ball, location: 25F
0-1: Ground out 4-3 (Groundball, 4, EV 105.6 MPH)
Batting: LHB Charles Carter 0-0: Called Strike
0-1: Fly out, F9 (Flyball, 89S, EV 82.5 MPH)
Batting: SHB Amos Medved 0-0: Ball
1-0: Ball
2-0: Ball
3-0: Called Strike
3-1: Called Strike
3-2: SINGLE (Groundball, 4S, EV 66.9 MPH) (infield hit)
Batting: SHB Peter Aiken 0-0: Ball
1-0: Called Strike
1-1: Foul Ball, location: 23F
1-2: Ball
2-2: Ball
3-2: Strikes out swinging
Top of the 2nd over - 0 runs, 1 hit, 0 errors, 1 left on base; Memphis 0 - Atlanta 0
BOTTOM OF THE 2ND
Atlanta Braves batting - Pitching for Memphis Blues : RHP Clark Bryant
Batting: RHB Edilberto García 0-0: Called Strike
0-1: Swinging Strike
0-2: Ball
1-2: Strikes out swinging
Batting: RHB Phooka May 0-0: Called Strike
0-1: Foul Ball, location: 7LDF
0-2: Strikes out swinging
Batting: RHB Zach Loftin 0-0: Called Strike
0-1: Foul Ball, location: 5F
0-2: Ball
1-2: Foul Ball, location: 9LSF
1-2: Ball
2-2: Strikes out swinging
Bottom of the 2nd over - 0 runs, 0 hits, 0 errors, 0 left on base; Memphis 0 - Atlanta 0
TOP OF THE 3RD
Memphis Blues batting - Pitching for Atlanta Braves : RHP Miguel Arranaga
Batting: RHB Amadeo Ybarra 0-0: Ball
1-0: Hit by Pitch
Batting: LHB Harley Valles 0-0: Called Strike
0-1: Ball
1-1: SINGLE (Line Drive, 8RS, EV 85.6 MPH)
Amadeo Ybarra to second
Runner from 2nd tries for 3rd, SAFE, no throw by CF
Batting: LHB R.J. Brown 0-0: Called Strike
0-1: Called Strike
0-2: Ball
1-2: Strikes out looking
Batting: LHB Morgan Peirce 0-0: Called Strike
0-1: Foul Ball, location: 2F
0-2: Ball
1-2: Ball
2-2: Strikes out looking
Batting: LHB Alex Nicholson 0-0: Called Strike
0-1: Ground out 6-3 (Groundball, 56, EV 104.4 MPH)
Top of the 3rd over - 0 runs, 1 hit, 0 errors, 2 left on base; Memphis 0 - Atlanta 0
BOTTOM OF THE 3RD
Atlanta Braves batting - Pitching for Memphis Blues : RHP Clark Bryant
Batting: RHB Sax Adams 0-0: Called Strike
0-1: Foul Ball, location: 2F
0-2: Strikes out swinging
Batting: RHB Gregory Tuff 0-0: Swinging Strike
0-1: Ball
1-1: Swinging Strike
1-2: Fly out, F8 (Flyball, 8LD, EV 101.3 MPH)
Batting: LHB Luca Flores 0-0: Foul Ball, location: 9LSF
0-1: Foul Ball, location: 9LDF
0-2: Ball
1-2: Ball
2-2: Ball
3-2: Ground out 4-3 (Groundball, 4, EV 88.8 MPH)
Bottom of the 3rd over - 0 runs, 0 hits, 0 errors, 0 left on base; Memphis 0 - Atlanta 0
TOP OF THE 4TH
Memphis Blues batting - Pitching for Atlanta Braves : RHP Miguel Arranaga
Batting: RHB José Carbajal 0-0: Ball
1-0: Ball
2-0: Fly out, F4 (Popup, 4, EV 72.5 MPH)
Batting: LHB Charles Carter 0-0: Swinging Strike
0-1: Called Strike
0-2: Foul Ball, location: 7LSF
0-2: Strikes out swinging, 2-3 out at first.
Batting: SHB Amos Medved 0-0: Ball
1-0: Called Strike
1-1: Called Strike
1-2: Strikes out looking
Top of the 4th over - 0 runs, 0 hits, 0 errors, 0 left on base; Memphis 0 - Atlanta 0
BOTTOM OF THE 4TH
Atlanta Braves batting - Pitching for Memphis Blues : RHP Clark Bryant
Batting: RHB Ryan Felker 0-0: Swinging Strike
0-1: Called Strike
0-2: Ball
1-2: Strikes out looking
Batting: LHB Benjamin Medrano 0-0: Ball
1-0: SINGLE (Line Drive, 78S, EV 109.4 MPH)
Batting: RHB Yovi Pizana 0-0: SINGLE (Groundball, 6MD, EV 99.4 MPH)
Benjamin Medrano to second
Runner from 2nd tries for 3rd, SAFE, throw by CF made to third
Batting: RHB Edilberto García 0-0: Called Strike
0-1: Ball
1-1: Ball
2-1: Ball
3-1: Base on Balls
Yovi Pizana to second
Batting: RHB Phooka May 0-0: Ball
1-0: Ball
2-0: Grounds into double play, 5-4-3 (Groundball, 56, EV 90.6 MPH)
Bottom of the 4th over - 0 runs, 2 hits, 0 errors, 2 left on base; Memphis 0 - Atlanta 0
TOP OF THE 5TH
Memphis Blues batting - Pitching for Atlanta Braves : RHP Miguel Arranaga
Batting: SHB Peter Aiken 0-0: Called Strike
0-1: Called Strike
0-2: Foul Ball, location: 3F
0-2: Strikes out swinging
Batting: RHB Amadeo Ybarra 0-0: Ball
1-0: Swinging Strike
1-1: Swinging Strike
1-2: Ball
2-2: Strikes out swinging
Batting: LHB Harley Valles 0-0: Ball
1-0: Ball
2-0: Swinging Strike
2-1: Fly out, F8 (Flyball, 78M, EV 87.5 MPH)
Top of the 5th over - 0 runs, 0 hits, 0 errors, 0 left on base; Memphis 0 - Atlanta 0
BOTTOM OF THE 5TH
Atlanta Braves batting - Pitching for Memphis Blues : RHP Clark Bryant
Batting: RHB Zach Loftin 0-0: Fly out, F7 (Line Drive, 7S, EV 92.5 MPH)
Batting: RHB Sax Adams 0-0: Called Strike
0-1: Ground out 5-3 (Groundball, 56, EV 77.5 MPH)
Batting: RHB Gregory Tuff 0-0: DOUBLE (Groundball, 5L, EV 110.0 MPH)
Batting: LHB Luca Flores 0-0: Called Strike
0-1: DOUBLE (Flyball, 5D, EV 93.1 MPH)
Gregory Tuff scores
Batting: RHB Ryan Felker 0-0: Foul Ball, location: 23F
0-1: Ball
1-1: SINGLE (Groundball, P, EV 80.0 MPH) (infield hit)
Luca Flores to third
Batting: LHB Benjamin Medrano 0-0: Ball
1-0: Fly out, F8 (Flyball, 8LXD, EV 90.0 MPH)
Bottom of the 5th over - 1 run, 3 hits, 0 errors, 2 left on base; Memphis 0 - Atlanta 1
TOP OF THE 6TH
Memphis Blues batting - Pitching for Atlanta Braves : RHP Miguel Arranaga
Batting: LHB R.J. Brown 0-0: Called Strike
0-1: Called Strike
0-2: SINGLE (Line Drive, 34D, EV 95.6 MPH)
Batting: LHB Morgan Peirce 0-0: Ball
1-0: Sac Bunt to 2L - play at first, batter OUT! 2-3
R.J. Brown to second
Batting: LHB Alex Nicholson 0-0: Ball
1-0: Foul Ball, location: 2F
1-1: Foul Ball, location: 7LDF
1-2: Ball
2-2: Strikes out swinging
Batting: RHB José Carbajal 0-0: Foul Ball, location: 7LSF
0-1: Ball
1-1: Swinging Strike
1-2: Strikes out swinging, 2-3 out at first.
Top of the 6th over - 0 runs, 1 hit, 0 errors, 1 left on base; Memphis 0 - Atlanta 1
BOTTOM OF THE 6TH
Atlanta Braves batting - Pitching for Memphis Blues : RHP Clark Bryant
Batting: RHB Yovi Pizana 0-0: Foul Ball, location: 9LDF
0-1: Ball
1-1: Ball
2-1: Called Strike
2-2: Fly out, F4 (Popup, 13S, EV 93.1 MPH)
Batting: RHB Edilberto García 0-0: Called Strike
0-1: Ball
1-1: Foul Ball, location: 3F
1-2: Ball
2-2: Strikes out swinging
Batting: RHB Phooka May 0-0: Ball
1-0: Reached on error, E8 (Flyball, 89D, EV 76.9 MPH)
Batting: RHB Zach Loftin 0-0: Ball
1-0: Foul Ball, location: 23FF
1-1: Swinging Strike
1-2: Foul Ball, location: 2F
1-2: Strikes out looking
Bottom of the 6th over - 0 runs, 0 hits, 1 error, 1 left on base; Memphis 0 - Atlanta 1
TOP OF THE 7TH
Memphis Blues batting - Pitching for Atlanta Braves : RHP Miguel Arranaga
Batting: LHB Charles Carter 0-0: Ball
1-0: Called Strike
1-1: Fly out, F7 (Flyball, 7LS, EV 90.0 MPH)
Batting: SHB Amos Medved 0-0: Swinging Strike
0-1: Foul Ball, location: 23F
0-2: Ball
1-2: Strikes out swinging
Batting: SHB Peter Aiken 0-0: Ball
1-0: Foul Ball, location: 5F
1-1: Foul Ball, location: 5F
1-2: Ball
2-2: Foul Ball, location: 25F
2-2: Strikes out looking
Top of the 7th over - 0 runs, 0 hits, 0 errors, 0 left on base; Memphis 0 - Atlanta 1
BOTTOM OF THE 7TH
Atlanta Braves batting - Pitching for Memphis Blues : RHP Clark Bryant
Batting: RHB Sax Adams 0-0: Called Strike
0-1: Swinging Strike
0-2: Strikes out swinging
Batting: RHB Gregory Tuff 0-0: Ball
1-0: DOUBLE (Line Drive, 5D, EV 95.6 MPH)
Batting: LHB Luca Flores 0-0: Called Strike
0-1: Ball
1-1: Called Strike
1-2: Ball
2-2: Foul Ball, location: 23F
2-2: Ball
3-2: Base on Balls
Batting: RHB Ryan Felker 0-0: Ball
1-0: Called Strike
1-1: Ball
Gregory Tuff steals 3rd base (no throw)
2-1: Fly out, F8 (Flyball, 89S, EV 91.3 MPH)
Pitching: LHP Ryan Zuleger
Batting: LHB Benjamin Medrano 0-0: Foul Ball, location: 2F
0-1: Ball
1-1: Fly out, F7 (Flyball, 78D, EV 86.3 MPH)
Bottom of the 7th over - 0 runs, 1 hit, 0 errors, 2 left on base; Memphis 0 - Atlanta 1
TOP OF THE 8TH
Memphis Blues batting - Pitching for Atlanta Braves : RHP Miguel Arranaga
Pitching: RHP J.J. Levy
Batting: RHB Amadeo Ybarra 0-0: Swinging Strike
0-1: SINGLE (Groundball, 6M, EV 96.9 MPH) (infield hit)
Pinch Hitting: SHB Julian Olson 0-0: Called Strike
0-1: Foul Ball, location: 7LMF
0-2: Ball
1-2: 2-RUN HOME RUN (Flyball, 89XD, EV 105.0 MPH), Distance : 400 ft
Batting: LHB R.J. Brown 0-0: Fly out, F9 (Flyball, 89M, EV 85.0 MPH)
Batting: LHB Morgan Peirce 0-0: Called Strike
0-1: Ground out 6-3 (Groundball, 6M, EV 100.6 MPH)
Batting: LHB Alex Nicholson 0-0: Called Strike
0-1: Foul Ball, location: 2F
0-2: Ground out 5-3 (Groundball, 56, EV 85.0 MPH)
Top of the 8th over - 2 runs, 2 hits, 0 errors, 0 left on base; Memphis 2 - Atlanta 1
BOTTOM OF THE 8TH
Atlanta Braves batting - Pitching for Memphis Blues : LHP Ryan Zuleger
Now at SS: Austin Olson
Batting: RHB Yovi Pizana 0-0: Ball
1-0: Ball
2-0: Foul Ball, location: 2F
2-1: Foul Ball, location: 2F
2-2: Ball
3-2: Base on Balls
Batting: RHB Edilberto García 0-0: Called Strike
0-1: Ball
1-1: Ball
2-1: Fly out, F9 (Flyball, 9S, EV 76.3 MPH)
Batting: RHB Phooka May 0-0: Ball
1-0: Ball
2-0: Fielders Choice at 2nd, 1-4 (Groundball, 25, EV 74.4 MPH)
Batting: RHB Zach Loftin 0-0: Called Strike
0-1: Called Strike
0-2: SINGLE (Groundball, 3D, EV 103.8 MPH)
Phooka May to second
Runner from 2nd tries for 3rd, SAFE, throw by RF made to third
Batting: RHB Sax Adams 0-0: Swinging Strike
0-1: Ball
1-1: Foul Ball, location: 25F
1-2: SINGLE (Groundball, 4MD, EV 98.1 MPH)
Phooka May scores
Zach Loftin to second
Runner from 2nd tries for 3rd, SAFE, no throw by CF
Batting: RHB Gregory Tuff 0-0: Called Strike
0-1: Foul Ball, location: 3F
0-2: Strikes out swinging
Bottom of the 8th over - 1 run, 2 hits, 0 errors, 2 left on base; Memphis 2 - Atlanta 2
TOP OF THE 9TH
Memphis Blues batting - Pitching for Atlanta Braves : RHP J.J. Levy
Batting: RHB José Carbajal 0-0: Ball
1-0: Called Strike
1-1: Ball
2-1: Foul Ball, location: 2F
2-2: Foul Ball, location: 3SF
2-2: SINGLE (Groundball, 6S, EV 70.0 MPH) (infield hit)
Batting: LHB Charles Carter 0-0: Ball
1-0: Ball
2-0: Swinging Strike
2-1: Swinging Strike
2-2: Strikes out swinging
Batting: SHB Amos Medved 0-0: Fly out, F4 (Popup, 3DF, EV 72.5 MPH)
Batting: SHB Peter Aiken 0-0: Called Strike
0-1: Ball
1-1: Called Strike
1-2: Strikes out looking
Top of the 9th over - 0 runs, 1 hit, 0 errors, 1 left on base; Memphis 2 - Atlanta 2
BOTTOM OF THE 9TH
Atlanta Braves batting - Pitching for Memphis Blues : LHP Ryan Zuleger
Batting: LHB Luca Flores 0-0: Ball
1-0: Foul Ball, location: 25FF
1-1: Ball
2-1: Foul Ball, location: 7LMF
2-2: Ball
3-2: Base on Balls
Batting: RHB Ryan Felker 0-0: Ball
Wild Pitch!
Luca Flores to second
1-0: Intentional Walk
Pinch Hitting: RHB Ethan Watson 0-0: Called Strike
0-1: Ball
1-1: Foul Ball, location: 5F
1-2: Ball
2-2: Ball
3-2: SINGLE (Line Drive, 34D, EV 101.3 MPH)
Luca Flores to third
Ryan Felker to second
Runner from 3rd tries for Home, SAFE, throw by RF to home
Bottom of the 9th over - 1 run, 1 hit, 0 errors, 2 left on base; Memphis 2 - Atlanta 3
Thursday, March 28th , 2024 - OOTP Baseball 24.11 Build 85